Map: Neon Violet Square LE

Players

llllllllllll (Elazer) - Winner!

  • Race: Zerg Zerg
  • League: Master
  • Spawn Location: 11:00

True

  • Race: Zerg Zerg
  • League: Master
  • Spawn Location: 5:00

Event: Memes & Dreams Invitational

VOD

Have the link to the VOD?

Description

Time

  • Played on: April 14, 2018, 12:01 a.m.
  • Length: 7:39

All games in this series

Show
View Real Time Build Order
Export as new Build Order

llllllllllll Zerg - Winner!

Build Orders: 3 Hatch before Pool, Zergling Baneling 

Get SALT Encoding   

  12  0:00  Drone  
  13  0:12  Overlord  
  13  0:17  Drone  
  14  0:31  Drone x2  
  14  0:34  Drone  
  17  0:53  Hatchery  
  17  0:55  Drone  
  17  0:58  Drone  
  18  1:19  Hatchery  
  18  1:21  Drone  
  18  1:25  Drone  
  19  1:27  Extractor  
  18  1:40  Spawning Pool  
  18  1:43  Drone  
  18  1:46  Drone  
  19  1:52  Drone  
  20  2:00  Drone  
  21  2:05  Drone  
  22  2:11  Drone  
  23  2:16  Drone  
  23  2:22  Drone  
  25  2:26  Drone  
  25  2:28  Queen  
  28  2:30  Metabolic Boost  
  28  2:33  Drone  
  28  2:36  Queen  
  31  2:40  Drone  
  32  2:45  Drone  
  32  2:48  Overlord  
  33  2:54  Drone, Baneling Nest  
  33  2:55  Drone  
  34  3:05  Overlord  
  34  3:07  Drone x2  
  34  3:10  Drone x3  
  39  3:14  Drone  
  39  3:18  Queen  
  42  3:21  Overlord  
  42  3:24  Zergling x2  
  42  3:25  Drone  
  44  3:27  Zergling x2  
  45  3:34  Zergling x2  
  45  3:37  Drone  
  45  3:38  Zergling x6  
  50  3:43  Drone x3  
  50  3:45  Overlord  
  50  3:47  Zergling x4  
  50  3:48  Baneling x4  
  55  3:52  Spine Crawler  
  55  3:55  Baneling x2  
  54  3:56  Zergling x2  
  54  3:57  Zergling x2  
  55  4:06  Zergling x6  
  55  4:09  Queen  
  56  4:12  Zergling x10  
  56  4:15  Baneling x2  
  61  4:19  Queen  
  61  4:20  Overlord  
  61  4:23  Zergling x4  
  65  4:28  Overlord  
  65  4:31  Baneling  
  65  4:32  Baneling x2  
  65  4:40  Drone x3  
  65  4:41  Overlord  
  65  4:43  Hatchery  
  67  4:49  Roach Warren  
  58  4:55  Zergling x2  
  58  4:56  Zergling x14  
  63  5:05  Drone x3  
  64  5:08  Extractor  
  64  5:10  Drone x3  
  64  5:11  Drone  
  67  5:14  Extractor, Overlord  
  67  5:17  Baneling x2  
  67  5:18  Overlord  
  67  5:19  Drone  
  67  5:20  Drone x2  
  67  5:23  Extractor  
  67  5:25  Overlord  
  66  5:38  Roach x6  
  66  5:40  Overlord  
  78  5:43  Overlord  
  78  5:45  Roach x2  
  82  5:54  Zergling x2, Roach x4  
  82  5:55  Zergling x2  
  87  6:01  Roach x2  
  87  6:02  Roach  
  90  6:06  Roach  
  94  6:11  Roach x3  
  94  6:15  Zergling x6  
  97  6:19  Roach  
  97  6:20  Roach x2  
  97  6:23  Roach  
  104  6:33  Roach x2  
  104  6:35  Hatchery  
  104  6:38  Roach  
  104  6:39  Roach x4  
  117  6:40  Overlord  
  117  6:42  Zergling x4  
  117  6:46  Zergling x2, Ravager  
  117  6:47  Zergling x2  
  122  6:49  Overlord  
  122  6:55  Overlord  
  122  6:59  Ravager  
  122  7:00  Zergling x8  
  127  7:08  Ravager  
  127  7:10  Ravager  
  127  7:12  Zergling x10  
  127  7:13  Zergling x6  
  111  7:37  Evolution Chamber  
Show
View Real Time Build Order
Export as new Build Order

True Zerg 

Build Orders: Hatch First, Zergling Baneling 

Get SALT Encoding   

  12  0:00  Drone  
  13  0:14  Overlord  
  13  0:18  Drone  
  14  0:33  Drone x2  
  16  0:37  Drone  
  17  0:54  Hatchery  
  17  0:57  Drone  
  17  1:04  Extractor, Drone  
  17  1:15  Spawning Pool  
  16  1:19  Drone  
  16  1:22  Drone  
  18  1:30  Drone  
  19  1:42  Overlord  
  19  2:01  Queen  
  19  2:03  Drone  
  19  2:04  Drone, Metabolic Boost  
  19  2:07  Queen  
  25  2:11  Drone  
  25  2:14  Drone  
  27  2:17  Drone  
  28  2:23  Drone  
  28  2:27  Drone  
  30  2:34  Drone  
  31  2:44  Hatchery  
  30  2:52  Baneling Nest  
  30  2:53  Drone x2  
  30  2:55  Zergling x2  
  32  3:03  Overlord  
  32  3:09  Zergling x2  
  32  3:10  Zergling x2  
  34  3:22  Zergling x14  
  41  3:28  Zergling x2  
  41  3:32  Zergling x2  
  43  3:41  Baneling x2  
  43  3:44  Overlord  
  43  3:45  Drone  
  44  3:55  Queen  
  44  3:56  Drone x2  
  44  3:57  Baneling  
  44  3:58  Baneling  
  47  4:06  Drone x7  
  47  4:11  Drone  
  47  4:17  Drone  
  47  4:18  Drone x4  
  47  4:19  Drone x2  
  47  4:23  Evolution Chamber  
  53  4:25  Zergling x2  
  53  4:26  Zergling x2  
  53  4:29  Zergling x2  
  53  4:31  Baneling x2  
  56  4:33  Baneling x3  
  56  4:34  Baneling  
  56  4:37  Zergling x2  
  56  4:38  Zergling x2  
  58  4:41  Overlord  
  58  4:44  Overlord  
  58  4:49  Baneling  
  58  4:50  Baneling  
  53  4:56  Baneling x2  
  53  4:59  Queen x2  
  55  5:02  Zergling x2  
  55  5:04  Zergling x4  
  55  5:05  Zergling x4  
  55  5:07  Zergling x2  
  59  5:08  Zergling x2  
  59  5:09  Zergling x2  
  59  5:11  Zergling x2  
  63  5:14  Zergling x2  
  63  5:15  Zergling x2  
  63  5:16  Zergling x2  
  64  5:24  Zergling x4  
  64  5:26  Extractor, Overlord  
  65  5:32  Baneling x2  
  65  5:33  Overlord, Zergling x2  
  65  5:35  Overlord  
  66  5:40  Overlord  
  66  5:42  Overlord  
  66  5:45  Overlord  
  66  5:50  Overlord  
  66  5:51  Queen  
  63  6:00  Zergling x4  
  63  6:02  Zergling x8  
  63  6:03  Zergling x2  
  68  6:05  Zergling x2  
  69  6:13  Zergling x4  
  69  6:14  Zergling x4  
  69  6:15  Zergling x2  
  69  6:16  Zergling x2  
  71  6:22  Zergling x2  
  71  6:24  Zergling x2  
  71  6:25  Zergling x4  
  69  6:27  Zergling x4  
  71  6:36  Zergling x2  
  71  6:37  Zergling x2  
  71  6:38  Zergling x2  
  74  6:40  Zergling x6  
  77  6:47  Zergling x2  
  77  6:48  Zergling x2  
  77  6:50  Zergling x2  
  77  6:51  Zergling x4  
  77  6:52  Zergling x2  
  83  6:58  Zergling x2  
  83  6:59  Zergling x2  
  86  7:01  Zergling x4  
  86  7:02  Zergling x2  
  86  7:03  Zergling x2  
  83  7:10  Zergling x2  
  83  7:11  Zergling x4  
  69  7:19  Zergling x2  
Tags
 
Add a new tag
Caveats
  • Supply blocks, unpowered buildings, or Contaminate may cause inaccurate times.
  • Supply counts are checked every 10 seconds.